 Dungeon Crawl Stone Soup version 0.29.1-1-gd02db6906a (webtiles) character file.

Game seed: 667289099651935122

107 MisterFreud the Covert (level 4, -2/41 HPs)
             Began as a Gnoll Delver on Sept 24, 2022.
             Slain by an ufetubus (3 damage)
             ... on level 7 of the Dungeon.
             The game lasted 00:02:08 (733 turns).

MisterFreud the Covert (Gnoll Delver)                Turns: 733, Time: 00:02:09

Health: -2/41      AC:  3    Str: 12    XL:     4   Next: 85%
Magic:  0/5        EV: 13    Int: 11    God:
Gold:   0          SH:  0    Dex: 13    Spells: 5/5 levels left

rFire   . . .      SeeInvis .   a - +0 short sword
rCold   . . .      Faith    .   (no shield)
rNeg    . . .      Spirit   +   b - +0 leather armour
rPois   .          Reflect  .   (no helmet)
rElec   .          Harm     .   (no cloak)
rCorr   .          Rampage  .   (no gloves)
Will    .....                   (no boots)
Stlth   ++++......              d - amulet of guardian spirit
HPRegen 0.13/turn               (no ring)
MPRegen 0.09/turn               (no ring)

@: flying
A: fangs 1, strong nose, distributed training
a: no special abilities


You were on level 7 of the Dungeon.
You visited 1 branch of the dungeon, and saw 4 of its levels.

Inventory:

Hand Weapons
 a - a +0 short sword (weapon)
Armour
 b - a +0 leather armour (worn)
Jewellery
 d - an amulet of guardian spirit (around neck)
Wands
 g - a wand of digging (3)
Scrolls
 c - a scroll of fog
 h - a scroll of enchant weapon {unknown}
Potions
 f - a potion of haste
 i - a potion of berserk rage {unknown}


   Skills:
 + Level 6.6 Fighting
 + Level 4.7 Short Blades
 + Level 1.3 Long Blades
 + Level 1.3 Axes
 + Level 1.3 Maces & Flails
 + Level 1.3 Polearms
 + Level 1.3 Staves
 + Level 1.3 Ranged Weapons
 + Level 1.3 Throwing
 + Level 1.3 Armour
 + Level 4.7 Dodging
 + Level 9.6 Stealth
 + Level 1.3 Shields
 + Level 1.3 Unarmed Combat
 + Level 1.3 Spellcasting
 + Level 1.0 Conjurations
 + Level 1.0 Hexes
 + Level 1.0 Summonings
 + Level 1.0 Necromancy
 + Level 1.0 Translocations
 + Level 1.0 Transmutations
 + Level 1.0 Fire Magic
 + Level 1.0 Ice Magic
 + Level 1.0 Air Magic
 + Level 1.0 Earth Magic
 + Level 1.0 Poison Magic
 + Level 1.4 Invocations
 + Level 1.3 Evocations


You had 5 spell levels left.
You didn't know any spells.
Your spell library was empty.

Dungeon Overview and Level Annotations

Branches:
Dungeon (7/15)
 Temple: D:4-7

Altars:


Innate Abilities, Weirdness & Mutations

You have very sharp teeth.
Your uncanny sense of smell can sniff out nearby items.
Your experience applies equally to all skills.


Message History

Found a short sword.
The ufetubus closely misses you. The ufetubus completely misses you.
Found 17 gold pieces.
A gnoll opens the door.
The ufetubus barely misses you.
The ufetubus hits you but does no damage.
Found 8 gold pieces.
Found an encrusted brass wand.
The ufetubus misses you. The ufetubus hits you.
The ufetubus attacks as you move away! The ufetubus hits you.
The ufetubus hits you but does no damage.
The ufetubus barely misses you. The ufetubus hits you.
The ufetubus attacks as you move away! The ufetubus barely misses you. x2
The ufetubus hits you. x2
The ufetubus hits you but does no damage.
The ufetubus misses you.
You open the door. The ufetubus barely misses you. The ufetubus hits you.
* * * LOW HITPOINT WARNING * * *
The ufetubus hits you but does no damage. x2
Found a scroll labelled TUS PAMONIFELL.
Found a stone staircase leading down.
The ufetubus attacks as you move away! The ufetubus barely misses you.
The ufetubus hits you but does no damage.
There is an open door here.
The ufetubus closely misses you. The ufetubus hits you.
* * * LOW HITPOINT WARNING * * *
There is a stone staircase leading down here.
The gnoll hits you from afar with a +0 spear.
* * * LOW HITPOINT WARNING * * *
The ufetubus completely misses you. The ufetubus hits you.
* * * LOW HITPOINT WARNING * * *
You climb downwards.
Found a rapier and an encrusted brass wand.
There is a stone staircase leading up here.
Unknown command.
It was a potion of flight.
You feel very buoyant.
You fly up into the air.
The ufetubus hits you but does no damage.
The ufetubus hits you.
* * * LOW HITPOINT WARNING * * *
The ufetubus barely misses you. The ufetubus hits you.
You die...

. .. ... #
.../#. . ....#
....#.5########
.......@.......
......######).#
....# ..# .


You could see an ufetubus.

Vanquished Creatures
  A bullfrog (D:6)
  A hound (D:5)
  An adder (D:4)
  An ufetubus (D:6)
  2 quokkas
6 creatures vanquished.

Notes
Turn   | Place    | Note
-------+----------+-------------------------------------------
     0 | D:5      | Reached skill level 9 in Stealth
     0 | D:5      | MisterFreud the Gnoll Delver began the quest for the Orb.
     0 | D:5      | Reached XP level 1. HP: 23/23 MP: 1/1
    22 | D:4      | Reached XP level 2. HP: 29/29 MP: 2/2
    59 | D:4      | Noticed an ogre
   249 | D:5      | Reached skill level 1 in Invocations
   249 | D:5      | Reached XP level 3. HP: 35/35 MP: 2/4
   274 | D:5      | Noticed a scorpion
   275 | D:5      | Noticed a scorpion
   300 | D:6      | Reached skill level 1 in Long Blades
   300 | D:6      | Reached skill level 1 in Axes
   300 | D:6      | Reached skill level 1 in Maces & Flails
   300 | D:6      | Reached skill level 1 in Polearms
   300 | D:6      | Reached skill level 1 in Staves
   300 | D:6      | Reached skill level 1 in Ranged Weapons
   300 | D:6      | Reached skill level 1 in Throwing
   300 | D:6      | Reached skill level 1 in Armour
   300 | D:6      | Reached skill level 1 in Shields
   300 | D:6      | Reached skill level 1 in Unarmed Combat
   300 | D:6      | Reached skill level 1 in Spellcasting
   300 | D:6      | Reached skill level 1 in Evocations
   533 | D:6      | Noticed a water moccasin
   688 | D:6      | Noticed a bullfrog
   695 | D:6      | Killed a bullfrog
   696 | D:6      | Reached skill level 1 in Conjurations
   696 | D:6      | Reached skill level 1 in Hexes
   696 | D:6      | Reached skill level 1 in Summonings
   696 | D:6      | Reached skill level 1 in Necromancy
   696 | D:6      | Reached skill level 1 in Translocations
   696 | D:6      | Reached skill level 1 in Transmutations
   696 | D:6      | Reached skill level 1 in Fire Magic
   696 | D:6      | Reached skill level 1 in Ice Magic
   696 | D:6      | Reached skill level 1 in Air Magic
   696 | D:6      | Reached skill level 1 in Earth Magic
   696 | D:6      | Reached skill level 1 in Poison Magic
   696 | D:6      | Reached XP level 4. HP: 41/41 MP: 5/5
   731 | D:6      | HP: 2/41 [ufetubus (2)]
   733 | D:7      | Slain by an ufetubus

Illustrated notes

Levels and vault maps discovered:
D:4:      layout_basic, uniq_robin
D:5:      gammafunk_steamed_eel, layout_gridville, lemuel_crystal_altar,
          lemuel_mausoleum_altar_yredelemnul, dk_vineyard_1
D:6:      layout_gridville, mainiacjoe_overflow_concentric_impassable
D:7:      layout_rooms, fedhas_altar_4, minmay_temple_entry_nine_rooms

Skill      XL: |  1  2  3 |
---------------+----------+-----
Stealth        | |  9.6
Invocations    | 1 |  1.4
Long Blades    | 1 |  1.3
Axes           | 1 |  1.3
Maces & Flails | 1 |  1.3
Polearms       | 1 |  1.3
Staves         | 1 |  1.3
Ranged Weapons | 1 |  1.3
Throwing       | 1 |  1.3
Armour         | 1 |  1.3
Shields        | 1 |  1.3
Unarmed Combat | 1 |  1.3
Spellcasting   | 1 |  1.3
Evocations     | 1 |  1.3
Conjurations   | 1 |  1.0
Hexes          | 1 |  1.0
Summonings     | 1 |  1.0
Necromancy     | 1 |  1.0
Translocations | 1 |  1.0
Transmutations | 1 |  1.0
Fire Magic     | 1 |  1.0
Ice Magic      | 1 |  1.0
Air Magic      | 1 |  1.0
Earth Magic    | 1 |  1.0
Poison Magic   | 1 |  1.0
Fighting       | |  6.6
Short Blades   | |  4.7
Dodging        | |  4.7

Action                   |  1- 3 |  4- 6 || total
-------------------------+-------+-------++-------
Melee: Short sword       |    30 |       ||    30
       Bite              |     1 |       ||     1
  Use: Scroll            |     2 |       ||     2
       Potion            |       |     1 ||     1
 Stab: Sleeping          |     4 |       ||     4
Armor: Leather armour    |    11 |     9 ||    20
Dodge: Dodged            |    45 |    33 ||    78
